 Dungeon Crawl Stone Soup version 0.29-a0-371-g91724d5b39 (webtiles) character file.

Game seed: 1190837858116997616

940 puppykicker the Bolt Thrower (level 7, -3/55 HPs)
             Began as a White Draconian Arcane Marksman on May 2, 2022.
             Killed by nerve-wracking pain
             ... invoked by a shadow imp
              (10 damage)
             ... on level 5 of the Dungeon.
             The game lasted 00:16:31 (5537 turns).

puppykicker the Bolt Thrower (DrAM)                 Turns: 5537, Time: 00:16:31

Health: -3/55      AC:  6    Str: 13    XL:     7   Next: 88%
Magic:  11/11      EV: 12    Int: 13    God:
Gold:   263        SH:  0    Dex: 13    Spells: 1/12 levels left

rFire   . . .      SeeInvis .   a - +0 hand crossbow
rCold   + . .      Faith    .   (no shield)
rNeg    . . .      Spirit   .   (body armour unavailable)
rPois   .          Reflect  .   (helmet restricted)
rElec   .          Harm     .   (no cloak)
rCorr   .          Rampage  .   (no gloves)
Will    .....                   (no boots)
Stlth   +.........              (no amulet)
HPRegen 0.18/turn               (no ring)
MPRegen 0.12/turn               (no ring)

@: short of breath
A: breathe frost, AC +6, unfitting armour, cold resistance 1, cold-blooded
a: Breathe Frost


You were on level 5 of the Dungeon.
You visited 1 branch of the dungeon, and saw 5 of its levels.

You collected 263 gold pieces.

Inventory:

Hand Weapons
 a - a +0 hand crossbow (weapon)
 b - a +0 long sword
 w - a +1 whip of venom
Missiles
 f - 5 datura-tipped darts
Jewellery
 j - an amulet of faith {Faith, !P}
Wands
 p - a wand of paralysis (12)
 r - a wand of polymorph (1)
Scrolls
 d - a scroll of immolation {unknown}
 g - a scroll of vulnerability {!r!r}
 h - a scroll of enchant weapon
 l - a scroll of enchant armour
 o - a scroll of amnesia
 q - a scroll of blinking {unknown}
 s - a scroll of fog {unknown}
 t - a scroll of brand weapon {unknown}
 v - a scroll of noise {unknown}
 x - a scroll of torment {!r}
Potions
 c - a potion of ambrosia
 e - 2 potions of resistance
 k - 2 potions of invisibility
 m - a potion of might
 n - a potion of curing
 u - 2 potions of degeneration {unknown}


   Skills:
 - Level 2.0 Fighting
 + Level 3.0 Long Blades
 * Level 5.7 Crossbows
 - Level 2.0 Dodging
 - Level 3.0 Spellcasting
 + Level 1.5 Conjurations
 - Level 3.0 Hexes
 + Level 1.4 Translocations
 + Level 1.4 Air Magic
 + Level 1.5 Poison Magic
 + Level 1.6 Evocations


You had one spell level left.
You knew the following spells:

 Your Spells              Type           Power      Damage    Failure   Level
e - Cause Fear            Hex            4%         N/A       54%         4
f - Portal Projectile     Hex/Tloc       14%        N/A       28%         3
s - Slow                  Hex            36%        N/A       7%          1
x - Mephitic Cloud        Conj/Pois/Air  5%         N/A       36%         3

Your spell library contained the following spells:

 Spells                   Type           Power      Damage    Failure   Level
 Beastly Appendage        Tmut           2%         N/A       22%         1
 Wereblood                Tmut           1%         N/A       34%         2
 Inner Flame              Hex/Fire       5%         N/A       36%         3
 Spider Form              Tmut/Pois      3%         N/A       45%         3
 Ignite Poison            Fire/Tmut/Pois 3%         N/A       50%         3
 Freezing Cloud           Conj/Ice/Air   2%         6-21      99%         5


Dungeon Overview and Level Annotations

Branches:
Dungeon (5/15)
 Temple: D:4-7

Altars:
Ashenzari
Elyvilon
Gozag
Kikubaaqudgha
The Shining One

Annotations:
D:4 Dowan


Innate Abilities, Weirdness & Mutations

You can breathe waves of freezing cold which knock back foes.
Your icy white scales are hard. (AC +6)
You cannot fit into any form of body armour.
Your flesh is cold resistant. (rC+)
You are cold-blooded and may be slowed by cold attacks.


Message History

Aim: an orc priest, wielding a +0 flail (almost dead, 62% to hit)
You shoot a bolt. The bolt hits the shadow imp.
The orc priest mumbles some strange prayers to Beogh against you.
Beogh smites you!
* * * LOW HITPOINT WARNING * * *
You take 13 damage, and have 26/55 hp.
MASSIVE DAMAGE!!
Shoot: a) +0 hand crossbow
Press: ? - help, Q - select action Shift-Dir - straight line, f/p - orc priest
Aim: an orc priest, wielding a +0 flail (almost dead, 62% to hit)
You shoot a bolt. The bolt closely misses the shadow imp.
The bolt closely misses the orc priest.
Shoot: a) +0 hand crossbow
Press: ? - help, Q - select action Shift-Dir - straight line, f/p - orc priest
Aim: an orc priest, wielding a +0 flail (almost dead, 62% to hit)
You shoot a bolt.
The bolt hits the shadow imp but does no damage.
The shadow imp grins evilly.
The shadow imp closely misses you.
Shoot: a) +0 hand crossbow
Press: ? - help, Q - select action Shift-Dir - straight line, f/p - orc priest
Aim: an orc priest, wielding a +0 flail (almost dead, 62% to hit)
You shoot a bolt.
The bolt hits the shadow imp but does no damage.
The shadow imp misses you.
The orc priest calls down the wrath of Beogh upon you.
Beogh smites you!
* * * LOW HITPOINT WARNING * * *
You take 11 damage, and have 16/55 hp.
Shoot: a) +0 hand crossbow
Press: ? - help, Q - select action Shift-Dir - straight line, f/p - orc priest
Aim: an orc priest, wielding a +0 flail (severely wounded, 62% to hit)
You shoot a bolt. The bolt hits the shadow imp.
The shadow imp grinds its teeth.
The shadow imp gestures at you. Pain shoots through your body!
* * * LOW HITPOINT WARNING * * *
The shadow imp gestures at you. Pain shoots through your body!
You die...

.# ...# .l. .#
...#.....#.....# .#
#..#.o#..#..#.=# .#
#.r#..#..#..#..# .#
#.....#.....#..# .#
#.....#.s... ..#
.####################..#
...†.............o.....#
................@5.....#
#####################..#
.....#.....#.....#..#
......#.....#...$.#..#
+###..#..#..#.|#..#5.#
#..#..#..#..#..#o.#
#.....#.....#.....# ...
#..(. #.....#


You could see a scorpion, an orc priest and a shadow imp.

Levels and vault maps discovered:
D:1:      psy_arrival_heroes, layout_basic,
          shapermc_ecumenical_altar_totnotflames
D:2:      layout_basic, minmay_tiny_reverse_x, uniq_sigmund
D:3:      minmay_skewed_foursquare, layout_basic, uniq_ijyb
D:4:      layout_rooms, chequers_temple_overflow_minitemple, uniq_duvessa
D:5:      kennysheep_windowed_halls, layout_rooms, nicolae_ashenzari_panopticon,
          minmay_misc_feat_doors, uniq_blork_the_orc

Notes
Turn   | Place    | Note
-------+----------+-------------------------------------------
     0 | D:1      | puppykicker the Draconian Arcane Marksman began the quest
                  | for the Orb.
     0 | D:1      | Reached XP level 1. HP: 16/16 MP: 2/2
    44 | D:1      | Identified a +0 club
    99 | D:1      | Identified a +0 club
   103 | D:1      | Reached skill level 2 in Crossbows
   238 | D:1      | Reached XP level 2. HP: 23/23 MP: 3/3
   244 | D:1      | Identified a +0 dagger
   258 | D:1      | Reached skill level 2 in Dodging
   497 | D:1      | Found a faded altar of an unknown god.
   760 | D:2      | Identified a +0 club
   760 | D:2      | Identified a +0 hunting sling
   788 | D:2      | Identified a +0 scythe
   788 | D:2      | Identified a +0 robe
   788 | D:2      | Noticed Sigmund
  1025 | D:2      | Reached XP level 3. HP: 29/29 MP: 3/5
  1111 | D:2      | Reached skill level 3 in Hexes
  1253 | D:2      | Identified 4 scrolls of identify
  1253 | D:2      | Identified a potion of lignification
  1254 | D:2      | Identified a scroll of torment
  1255 | D:2      | Identified a scroll of enchant weapon
  1256 | D:2      | Identified a scroll of fear
  1337 | D:2      | Identified a +0 robe
  1391 | D:2      | Identified a +1 dagger of venom
  1409 | D:2      | Identified a +0 dagger
  1430 | D:2      | Reached skill level 2 in Fighting
  1677 | D:2      | Identified a +0 trident
  1805 | D:2      | Killed Sigmund
  1806 | D:2      | Reached skill level 4 in Crossbows
  1806 | D:2      | Reached skill level 2 in Spellcasting
  1806 | D:2      | Reached XP level 4. HP: 30/36 MP: 5/8
  1806 | D:2      | Reached XP level 5. HP: 34/41 MP: 5/9
  2123 | D:3      | Identified a +0 hand crossbow
  2170 | D:3      | Identified a +0 hand axe
  2189 | D:3      | Identified an amulet of faith
  2239 | D:3      | Identified a +0 club
  2239 | D:3      | Identified a +0 leather armour
  2239 | D:3      | Noticed Ijyb
  2239 | D:3      | Identified a +0 dagger
  2256 | D:3      | Paralysed by Ijyb for 6 turns
  2288 | D:3      | Paralysed by Ijyb for 3 turns
  2295 | D:3      | Paralysed by Ijyb for 6 turns
  2554 | D:2      | Killed Ijyb
  2661 | D:3      | Reached XP level 6. HP: 36/48 MP: 8/10
  2666 | D:3      | Learned a level 4 spell: Cause Fear
  2670 | D:3      | Learned a level 3 spell: Portal Projectile
  2752 | D:3      | Identified 2 potions of invisibility
  2753 | D:3      | Identified a scroll of enchant armour
  2773 | D:3      | Identified a +0 dagger
  2779 | D:3      | Identified a +0 quarterstaff
  2866 | D:2      | Identified a +0 long sword
  2903 | D:3      | Identified a +0 dagger
  2924 | D:3      | Identified the +3 leather armour of Haik {Fly rF- Dex+3
                  | Slay+2}
  3007 | D:3      | Identified a +0 dagger
  3010 | D:3      | Reached skill level 3 in Spellcasting
  3133 | D:3      | Identified a +0 dagger
  3195 | D:3      | Identified a potion of curing
  3209 | D:3      | Identified a scroll of amnesia
  3230 | D:3      | Reached skill level 1 in Long Blades
  3278 | D:4      | Identified a +0 dagger
  3344 | D:4      | Identified a +0 whip
  3344 | D:4      | Identified a +1 whip of venom
  3344 | D:4      | Identified a +0 flail
  3531 | D:4      | Reached skill level 2 in Long Blades
  3531 | D:4      | Reached skill level 5 in Crossbows
  3555 | D:4      | Identified a +0 flail
  3556 | D:4      | Identified a +0 club
  3556 | D:4      | Identified a +0 spear
  3556 | D:4      | Identified a +0 halberd
  3792 | D:4      | Identified a +0 dagger
  3798 | D:4      | Identified a +0 spear
  3798 | D:4      | Identified a +0 leather armour
  4058 | D:4      | Identified a +0 dagger
  4058 | D:4      | Identified a +0 robe
  4058 | D:4      | Noticed Dowan
  4191 | D:4      | Found a white marble altar of Elyvilon.
  4191 | D:4      | Found a faded altar of an unknown god.
  4199 | D:4      | Found an ancient bone altar of Kikubaaqudgha.
  4201 | D:4      | Found an opulent altar of Gozag.
  4207 | D:4      | Learned a level 3 spell: Mephitic Cloud
  4208 | D:4      | Found a glowing golden altar of the Shining One.
  4268 | D:5      | Entered Level 5 of the Dungeon
  4269 | D:5      | Noticed a water moccasin
  4309 | D:5      | Your scales start taking on an icy white colour.
  4309 | D:5      | Reached XP level 7. HP: 40/55 MP: 11/11
  4309 | D:5      | Gained mutation: Your flesh is cold resistant. (rC+) [White
                  | Draconian growth]
  4427 | D:5      | Identified a potion of ambrosia
  4704 | D:5      | Identified a +0 short sword
  4704 | D:5      | Identified a +0 falchion
  4706 | D:5      | Identified a +0 war axe
  4706 | D:5      | Identified a +0 ring mail
  4736 | D:5      | Found a broken altar of Ashenzari.
  4772 | D:5      | Identified a +0 shortbow
  4775 | D:5      | Identified a +3 battleaxe
  4775 | D:5      | Identified a +1 robe of willpower
  4775 | D:5      | Noticed Blork the orc
  4778 | D:5      | Reached skill level 1 in Evocations
  4853 | D:4      | Killed Blork the orc
  4854 | D:4      | Reached skill level 1 in Conjurations
  4854 | D:4      | Reached skill level 1 in Translocations
  4854 | D:4      | Reached skill level 1 in Air Magic
  4854 | D:4      | Reached skill level 1 in Poison Magic
  5113 | D:5      | Reached skill level 3 in Long Blades
  5125 | D:5      | HP: 13/55 [iguana (6)]
  5357 | D:5      | Identified 2 potions of resistance
  5513 | D:5      | Identified a +0 dagger
  5513 | D:5      | Identified a +0 robe
  5514 | D:5      | Identified a +0 club
  5514 | D:5      | Identified a +0 chain mail
  5518 | D:5      | Identified a +0 dagger
  5518 | D:5      | Identified a +0 robe
  5522 | D:5      | Identified a +0 flail
  5537 | D:5      | HP: 7/55 [shadow imp/nerve-wracking pain (9)]
  5537 | D:5      | Killed from afar by a shadow imp

Table legend: (Time is in decaauts)
 A = Elapsed time spent in this place.
 B = Non-inter-level travel time spent in this place.
 C = Inter-level travel time spent in this place.
 D = Time resting spent in this place.
 E = Time spent auto-exploring this place.
 F = Levels seen in this place.
 G = Mean time per level.
                   A        B        C        D        E       F      G
               +--------+--------+--------+--------+--------+-----+--------+
         Total |   5684 |   5390 |    294 |   1964 |   2248 |   5 | 1136.8 |
       Dungeon |   5684 |   5390 |    294 |   1964 |   2248 |   5 | 1136.8 |
               +--------+--------+--------+--------+--------+-----+--------+

Top non-repeatable levels by time:
     D:2: 1496 daAuts
     D:4: 1253 daAuts
     D:5: 1067 daAuts
     D:1: 961 daAuts
     D:3: 905 daAuts

Table legend:
 A = Kills in this place as a percentage of kills in entire the game.
 B = Kills by you in this place as a percentage of kills by you in the entire game.
 C = Kills by friends in this place as a percentage of kills by friends in the entire game.
 D = Other kills in this place as a percentage of other kills in the entire game.
 E = Experience gained in this place as a percentage of experience gained in the entire game.
 F = Experience gained in this place divided by the number of levels of this place that you have seen.
                   A       B       C       D       E      F
               +-------+-------+-------+-------+-------+----------------------
         Total | 100.0 | 100.0 |   N/A |   N/A | 100.0 | 268.8
       Dungeon | 100.0 | 100.0 |   N/A |   N/A | 100.0 | 268.8
               +-------+-------+-------+-------+-------+----------------------

Skill      XL: |  1  2  3  4  5  6  7 |
---------------+----------------------+-----
Crossbows      | 2 4 5 |  5.7
Dodging        | 2 |  2.0
Hexes          | 3 |  3.0
Fighting       | 2 |  2.0
Spellcasting   | 2 3 |  3.0
Long Blades    | 2 3 |  3.0
Evocations     | 1 |  1.6
Conjurations   | 1 |  1.5
Translocations | 1 |  1.4
Air Magic      | 1 |  1.4
Poison Magic   | 1 |  1.5

Action                   |  1- 3 |  4- 6 |  7- 9 || total
-------------------------+-------+-------+-------++-------
Melee: Dagger            |    10 |     3 |       ||    13
       Tailslap          |     1 |       |       ||     1
       Unarmed           |       |    15 |       ||    15
       Long sword        |       |       |     3 ||     3
       Punch             |       |       |     1 ||     1
 Fire: Hand crossbow     |   135 |   246 |   106 ||   487
 Cast: Slow              |     5 |    27 |     8 ||    40
 Abil: Breathe Frost     |       |       |    10 ||    10
Evoke: Wand              |       |       |     4 ||     4
  Use: Scroll            |     4 |     5 |     3 ||    12
       Potion            |     1 |       |       ||     1
 Stab: Paralysed         |       |       |     3 ||     3
Armor: Skin              |    18 |    87 |    21 ||   126
Dodge: Dodged            |    30 |   203 |    39 ||   272

Vanquished Creatures
  Sigmund (D:2)
  A water moccasin (D:5)
  A centaur (D:5)
  A phantom (D:5)
  Blork the orc (D:4)
  A necrophage (D:4)
  A scorpion (D:5)
  A hound (D:5)
  Ijyb (D:2)
  An iguana (D:5)
  8 adders
  7 gnolls (D:4)
  An ufetubus (D:5)
  3 worms
  3 dart slugs
  3 orcs (D:5)
  10 ball pythons
  8 bats
  9 endoplasms
  6 giant cockroaches
  7 goblins
  6 hobgoblins
  4 jackals (D:4)
  5 quokkas
  3 frilled lizards
  5 kobolds
  4 rats
102 creatures vanquished.
